 Dungeon Crawl Stone Soup version 0.28-b1-25-g9875b3fc8c (webtiles) character file.

Game seed: 18092960483379386859

16 sanka the Magician (level 2, 0/16 HPs)
             Began as a Deep Elf Transmuter on Feb 7, 2022.
             Slain by a quokka (3 damage)
             ... on level 1 of the Dungeon.
             The game lasted 00:01:22 (1070 turns).

sanka the Magician (Deep Elf Transmuter)            Turns: 1070, Time: 00:01:22

Health: 0/16       AC:  2    Str:  7    XL:     2   Next: 37%
Magic:  8/8        EV: 12    Int: 17    God:
Gold:   11         SH:  0    Dex: 15    Spells: 6/7 levels left

rFire   . . .      SeeInvis .     - Unarmed
rCold   . . .      Faith    .   (no shield)
rNeg    . . .      Spirit   .   a - +0 robe
rPois   .          Reflect  .   (helmet currently unavailable)
rElec   .          Harm     .   (no cloak)
rCorr   .          Rampage  .   (no gloves)
Will    .....                   (boots currently unavailable)
Stlth   +.........              (no amulet)
HPRegen 0.05/turn               (no ring)
MPRegen 0.11/turn               (no ring)

@: appendages (expiring)
A: horns 2, talons 2
a: End Transformation


You were on level 1 of the Dungeon.
You had temporarily grown beastly horns and talons.
You visited 1 branch of the dungeon, and saw 1 of its levels.

You collected 11 gold pieces.

Inventory:

Armour
 a - a +0 robe (worn)
Scrolls
 b - a scroll of fear {unknown}


   Skills:
 - Level 0.7 Fighting
 - Level 2.4 Dodging
 - Level 2.4 Unarmed Combat
 + Level 3.4 Spellcasting
 + Level 2.6 Transmutations
 + Level 1.1 Poison Magic


You had 6 spell levels left.
You knew the following spells:

 Your Spells              Type           Power      Damage    Failure   Level
a - Beastly Appendage     Tmut           24%        N/A       5%          1

Your spell library contained the following spells:

 Spells                   Type           Power      Damage    Failure   Level
 Wereblood                Tmut           12%        N/A       9%          2
 Animate Skeleton         Necr           4%         N/A       17%         1
 Apportation              Tloc           4%         N/A       17%         1
 Summon Small Mammal      Summ           8%         N/A       17%         1
 Spider Form              Tmut/Pois      9%         N/A       22%         3
 Ice Form                 Ice/Tmut       7%         N/A       67%         4


Dungeon Overview and Level Annotations

Branches:
Dungeon (1/15)

Altars:


Innate Abilities, Weirdness & Mutations

You have temporarily grown beastly horns and talons.


Message History

The quokka closely misses you. The bat closely misses you.
You hit the goblin.
You kill the goblin!
The bat hits you but does no damage. x2; The quokka barely misses you.
The quokka closely misses you.
You hit the quokka.
The quokka is heavily wounded.
The bat barely misses you. The quokka bites you.
Unknown command.
The bat hits you. The bat completely misses you.
The ball python barely misses you. The ball python grabs you.
The ball python constricts you.
You escape the ball python's grasp.
The bat barely misses you. The ball python misses you. x2
The bat barely misses you. The bat completely misses you.
The bat hits you but does no damage. The bat closely misses you.
The bat hits you but does no damage.
You closely miss the bat. Your kick misses the bat. The bat barely misses you.
The bat hits you but does no damage. The bat barely misses you.
The quokka bites you.
You barely miss the bat. You headbutt the bat.
The bat is moderately wounded.
The bat closely misses you. The quokka barely misses you.
The bat closely misses you.
Your transformation is almost over.
The quokka barely misses you.
You hit the quokka. Your kick misses the quokka.
The quokka is heavily wounded.
The quokka bites you.
You are too injured to fight recklessly!
Unknown command.
You hit the quokka. You claw the quokka, but do no damage.
Your punch misses the quokka.
The quokka is almost dead.
The quokka bites you.
* * * LOW HITPOINT WARNING * * *
You closely miss the quokka.
The quokka is almost dead.
The quokka bites you.
You die...

#.#......## #...#.........##
###.#.##....## #...#.........#
.............# #...#######..##
....#.##.....#####........##..#
....#.##..............###.##..#
.......#............|)# #.....#
..>.#......##.........###.###.#
....##.#.#######..........# #.#
.........# #@#...#.#### #.#
...###.#.# #r#...#.# #.# ##.#
#.#.# #S#...#.# #.# ##.# ... #
###b#...#.# #.### .#.#.#...
#.....b...# #.... .....#####
#.######### ####. ...###
###.####### #. ####
#.........## #. #....###...>..#
##


You could see a quokka, a bat and a ball python.

Vanquished Creatures
  A ball python (D:1)
  A bat (D:1)
  3 endoplasms (D:1)
  2 goblins (D:1)
  A kobold (D:1)
  2 quokkas (D:1)
  A frilled lizard (D:1)
  2 rats (D:1)
13 creatures vanquished.

Notes
Turn   | Place    | Note
-------+----------+-------------------------------------------
     0 | D:1      | sanka the Deep Elf Transmuter began the quest for the Orb.
     0 | D:1      | Reached XP level 1. HP: 11/11 MP: 6/6
   220 | D:1      | Found a faded altar of an unknown god.
   447 | D:1      | Reached XP level 2. HP: 13/16 MP: 6/8
   542 | D:1      | Reached skill level 1 in Poison Magic
  1070 | D:1      | Slain by a quokka

Illustrated notes

Levels and vault maps discovered:
D:1:      wander_arrival_peaceful_grave, layout_loops_cross,
          shapermc_ecumenical_altar_petra, grunt_decor_resistance

Skill      XL: |  1  2 |
---------------+-------+-----
Poison Magic   | 1 |  1.1
Fighting       | |  0.7
Dodging        | |  2.4
Unarmed Combat | |  2.4
Spellcasting   | |  3.4
Transmutations | |  2.6

Action                   || total
-------------------------++-------
Melee: Unarmed           ||    55
       Headbutt          ||     7
       Kick              ||     7
 Cast: Beastly Appendage ||     9
Armor: Robe              ||    24
Dodge: Dodged            ||    56
